 Dungeon Crawl Stone Soup version 0.22-a0-348-gd16d1391c7 (webtiles) character file.

957 GordonOverkill the Cleaver (level 8, -19/66 HPs)
             Began as a Hill Orc Enchanter on Apr 9, 2018.
             Was an Initiate of Trog.
             Demolished by a two-headed ogre
             ... wielding a +0 giant spiked club
              (23 damage)
             ... on level 6 of the Dungeon.
             The game lasted 00:19:21 (9241 turns).

GordonOverkill the Cleaver (Hill Orc Enchanter)     Turns: 9241, Time: 00:19:22

Health: -19/66     AC: 10    Str: 13    XL:     8   Next: 14%
Magic:  10/10      EV:  9    Int: 15    God:    Trog [......]
Gold:   402        SH:  0    Dex: 11    Spells: 10/10 levels left

rFire    . . .     SeeInvis .   r - +0 hand axe (flame)
rCold    . . .     Gourm    +   (no shield)
rNeg     . . .     Faith    .   a - +0 scale mail
rPois    .         Spirit   .   o - +1 helmet
rElec    .         Reflect  .   (no cloak)
rCorr    .         Harm     .   c - +0 pair of gloves
MR       .....                  (no boots)
Stlth    +.........             f - amulet of the gourmand
HPRegen  0.21/turn              (no ring)
MPRegen  0.12/turn              (no ring)

@: no status effects
A: no striking features
a: Renounce Religion


You were on level 6 of the Dungeon.
You worshipped Trog.
Trog was noncommittal.
You were very full.

You visited 2 branches of the dungeon, and saw 8 of its levels.

You collected 402 gold pieces.

Inventory:

Hand Weapons
 j - a +0 flail of protection
 r - a +0 hand axe of flaming (weapon)
 t - a +0 battleaxe
Missiles
 l - 9 tomahawks
 s - a poisoned javelin (quivered)
Armour
 a - a +0 scale mail (worn)
 c - a +0 pair of gloves (worn)
 o - a +1 helmet (worn)
Jewellery
 f - an amulet of the gourmand (around neck)
Wands
 e - a wand of polymorph (13)
 g - a wand of enslavement (26)
Scrolls
 b - 2 scrolls of enchant weapon
 h - 6 scrolls of teleportation
 k - 2 scrolls of remove curse
 m - a scroll of identify
 n - a scroll of magic mapping
 q - a scroll of amnesia
Potions
 i - 2 potions of flight
 p - a potion of curing
Comestibles
 d - 7 rations


   Skills:
 - Level 4.0 Fighting
   Level 1.0 Short Blades
 + Level 10.0 Axes
 + Level 3.0 Armour
 - Level 1.5 Dodging
 - Level 2.4 Stealth
 - Level 1.5 Spellcasting
   Level 3.0 Hexes


You had 10 spell levels left.
You didn't know any spells.

Dungeon Overview and Level Annotations

Branches:
Dungeon (7/15)             Temple (1/1) D:5

Altars:
Cheibriados
Dithmenos
Trog

Annotations:
D:3 Dargar's ghost, amateur DrMo


Message History

The orc warrior is moderately wounded.
The orc warrior hits you with a trident!
You are too injured to fight recklessly!
You are too injured to fight recklessly!
The orc warrior hits you from afar with a trident!
* * * LOW HITPOINT WARNING * * *
The orc warrior throws a tomahawk.
The tomahawk hits you!
* * * LOW HITPOINT WARNING * * *
You see here a tomahawk.
The orc warrior throws a tomahawk.
The tomahawk hits you!
* * * LOW HITPOINT WARNING * * *
You see here a tomahawk.
The orc warrior throws a tomahawk.
The tomahawk hits you.
* * * LOW HITPOINT WARNING * * *
There is an open door here.
You see here a tomahawk.
There is a stone staircase leading up here.
You climb upwards.
The two-headed ogre hits you with a giant spiked club!!
You die...

..<.# #.######.########
###.# #.....##O# ....#
#####.##†# ###.# #.##.#
#.# #.##.# ######## #.#
#.##[# #......# ###.####
##.##.#######.####.##
.......###...#.........#
#...####
##..##.....#...O@.....##
#.......
#.....####...########.#
#...###.
.###..####...###...##.#
##### #. .#
#...............##.# #.
.###..####...###...##.#
#. ....#.# ##.##
##.###.# #. ###.#.# #.#
#.# #.# #. #.#.# #.#
#.###># #. #.#.#####.#
#.#...# #.


You could see a two-headed ogre.

Vanquished Creatures
  Duvessa (D:4)
  An ice beast (D:6)
  2 phantoms (D:5)
  Dowan (D:4)
  A scorpion (D:6)
  A crimson imp (D:5)
  A jelly (D:5)
  Jessica (D:3)
  An iguana (D:6)
  An orc wizard (D:3)
  2 worker ants
  8 gnolls
  7 adders
  2 oozes
  2 worms
  4 dart slugs
  3 leopard geckos (D:5)
  23 orcs
  8 bats
  3 giant cockroaches
  8 goblins
  10 hobgoblins
  4 jackals
  11 kobolds
  2 ball pythons
  2 frilled lizards
  A leopard gecko skeleton (D:6)
  9 rats
120 creatures vanquished.

Vanquished Creatures (others)
  A bullfrog (D:6)
  An orc (D:3)
2 creatures vanquished.

Grand Total: 122 creatures vanquished

Notes
Turn   | Place    | Note
-------+----------+-------------------------------------------
     0 | D:1      | GordonOverkill the Hill Orc Enchanter began the quest for the Orb.
     0 | D:1      | Reached XP level 1. HP: 14/14 MP: 3/3
    32 | D:1      | Reached skill level 1 in Fighting
    65 | D:1      | Reached XP level 2. HP: 9/24 MP: 1/4
   437 | D:1      | Reached XP level 3. HP: 15/31 MP: 1/5
  1801 | D:1      | Reached XP level 4. HP: 33/40 MP: 6/6
  1916 | D:2      | Reached skill level 1 in Axes
  1916 | D:2      | Reached skill level 1 in Armour
  2754 | D:3      | Reached skill level 2 in Axes
  2815 | D:3      | Reached XP level 5. HP: 27/46 MP: 7/7
  3496 | D:3      | Reached skill level 3 in Axes
  3802 | D:3      | Noticed Jessica
  3804 | D:3      | Noticed Dargar's ghost (amateur DrMo)
  3823 | D:3      | Killed Jessica
  4672 | D:4      | Noticed Duvessa
  4672 | D:4      | Noticed Dowan
  5100 | D:4      | Noticed a hippogriff
  5359 | D:4      | Reached skill level 4 in Axes
  5473 | D:4      | Reached XP level 6. HP: 49/52 MP: 8/8
  5555 | D:4      | Noticed a moth of wrath
  5558 | D:4      | Found a bloodstained altar of Trog.
  5713 | D:4      | Became a worshipper of Trog the Wrathful
  5971 | D:4      | Reached skill level 5 in Axes
  6335 | D:4      | Killed Duvessa
  6335 | D:4      | Reached skill level 6 in Axes
  6350 | D:4      | Killed Dowan
  6350 | D:4      | Reached XP level 7. HP: 18/59 MP: 9/9
  6589 | D:5      | Entered Level 5 of the Dungeon
  6708 | D:5      | Found a staircase to the Ecumenical Temple.
  6731 | D:5      | Reached skill level 7 in Axes
  7008 | D:5      | Reached skill level 8 in Axes
  7415 | Temple   | Entered the Ecumenical Temple
  8054 | D:6      | Reached skill level 9 in Axes
  8245 | D:6      | Reached XP level 8. HP: 57/66 MP: 10/10
  8430 | D:6      | Reached skill level 10 in Axes
  8492 | D:6      | Noticed a two-headed ogre
  9233 | D:7      | HP: 3/66 [orc warrior/tomahawk (7)]
  9241 | D:6      | Demolished by a two-headed ogre

Vault maps used:
D:1:      lightli_arrival_windingriver, minmay_tetromino_i4
D:2:      corexii_hall_statues_x
D:3:      uniq_jessica
D:4:      tgw_trog, uniq_duvessa
D:5:      minmay_temple_entry_statues, first_ration
D:7:      cheibrodos_steamvent, serial_shops, shop_fountains
Temple:   minmay_crystal_snake_temple

Skill      XL: |  1  2  3  4  5  6  7  8 |
---------------+-------------------------+-----
Fighting       | 2 3 4 |  4.0
Axes           | 2 4 6 9 10 | 10.0
Armour         | 2 3 |  3.0
Short Blades   | |  1.0
Dodging        | |  1.5
Stealth        | |  2.4
Spellcasting   | |  1.5
Hexes          | |  3.0

Action                   |  1- 3 |  4- 6 |  7- 9 || total
-------------------------+-------+-------+-------++-------
Melee: Dagger            |   142 |       |       ||   142
       Hand axe          |    12 |   388 |   171 ||   571
Throw: Tomahawk          |       |     3 |     9 ||    12
       Javelin           |       |       |     3 ||     3
 Cast: Corona            |    20 |       |       ||    20
Evoke: Wand              |       |     1 |     1 ||     2
  Use: Potion            |     2 |     4 |       ||     6
       Scroll            |     3 |    10 |     2 ||    15
 Stab: Sleeping          |     1 |       |       ||     1
       Distracted        |     1 |       |       ||     1
  Eat: Chunk             |     3 |    21 |     8 ||    32
       Ration            |       |     1 |       ||     1
Armor: Robe              |    38 |       |       ||    38
       Skin              |    13 |    22 |       ||    35
       Scale mail        |    13 |   169 |    67 ||   249
Dodge: Dodged            |   110 |   164 |    55 ||   329

Table legend:
 A = Spawn XP
 B = Non-spawn XP
 C = Spawn XP percentage of total XP
 D = Spawn monster count
 E = Non-spawn monster count
 F = Spawn count percentage of total count
 G = Total turns spent on level
                    A         B        C        D         E        F      G
               +---------+---------+-------+---------+---------+-------+---------
         Total |       0 |    1368 |   0.0 |       0 |     120 |   0.0 |  9241
               +---------+---------+-------+---------+---------+-------+---------
           D:1 |       0 |      83 |   0.0 |       0 |      34 |   0.0 |  1854
           D:2 |       0 |      58 |   0.0 |       0 |      20 |   0.0 |  1336
           D:3 |       0 |     157 |   0.0 |       0 |      27 |   0.0 |  1735
           D:4 |       0 |     346 |   0.0 |       0 |      15 |   0.0 |  1855
           D:5 |       0 |     377 |   0.0 |       0 |      11 |   0.0 |   983
           D:6 |       0 |     341 |   0.0 |       0 |      11 |   0.0 |  1215
           D:7 |       0 |       6 |   0.0 |       0 |       2 |   0.0 |    61
               +---------+---------+-------+---------+---------+-------+---------
